 Dungeon Crawl Stone Soup version 0.29.0-5-ge4962eb29e (webtiles) character file.

Game seed: 4365981527758840345

2322 sanka the Martial Artist (level 9, -6/65 HPs)
             Began as a Merfolk Air Elementalist on Aug 28, 2022.
             Was a Priest of Dithmenos.
             Killed by divine providence
             ... invoked by an orc priest
              (15 damage)
             ... on level 7 of the Dungeon.
             The game lasted 00:14:16 (7183 turns).

sanka the Martial Artist (Merfolk Air Elementalist) Turns: 7183, Time: 00:14:16

Health: -6/65      AC: 10    Str: 14    XL:     9   Next: 42%
Magic:  12/12      EV: 16    Int: 18    God:    Dithmenos [***...]
Gold:   256        SH:  0    Dex: 15    Spells: 6/12 levels left

rFire   . . .      SeeInvis .   p - +3 club (spect)
rCold   . . .      Faith    +   (no shield)
rNeg    + . .      Spirit   .   G - +0 steam dragon scales
rPois   .          Reflect  .   o - +0 helmet
rElec   .          Harm     .   w - +0 cloak
rCorr   .          Rampage  .   (no gloves)
Will    .....                   d - +2 pair of boots
Stlth   +++.......              H - amulet of faith
HPRegen 0.20/turn               n - +6 ring of strength
MPRegen 0.13/turn               A - ring of positive energy

@: wreathed by umbra
A: (nimble swimmer 2), mertail
a: Renounce Religion, Shadow Step


You were on level 7 of the Dungeon.
You worshipped Dithmenos.
Dithmenos was most pleased with you.
You visited 1 branch of the dungeon, and saw 7 of its levels.

You collected 306 gold pieces.
You spent 50 gold pieces at shops.


Innate Abilities, Weirdness & Mutations

((You are very nimble when in or above water. (Stealth+, EV+, Speed+++)))
Your lower body shifts to a powerful aquatic tail in water.


   Skills:
 - Level 4.0 Fighting
 - Level 8.0 Dodging
 - Level 2.1 Stealth
 - Level 10.0 Unarmed Combat
 - Level 2.0 Spellcasting
 - Level 3.0 Conjurations
 + Level 0.9 Transmutations
 - Level 3.0 Air Magic
 + Level 0.3 Earth Magic


You had 6 spell levels left.
You knew the following spells:

 Your Spells              Type           Power      Damage    Failure   Level
s - Swiftness             Air            12%        N/A       16%         3
z - Shock                 Conj/Air       48%        1d6       5%          1
Z - Static Discharge      Conj/Air       12%        3-5/arc   8%          2

Your spell library contained the following spells:

 Spells                   Type           Power      Damage    Failure   Level
 Airstrike                Air            6%         2d(1-17)  45%         4
 Call Canine Familiar     Summ           1%         N/A       47%         3
 Portal Projectile        Hex/Tloc       2%         N/A       47%         3
 Petrify                  Tmut/Erth      4%         N/A       80%         4
 Lightning Bolt           Conj/Air       6%         1d18      82%         5
 Leda's Liquefaction      Hex/Erth       1%         N/A       86%         4
 Metabolic Englaciation   Hex/Ice        0%         N/A       99%         5
 Statue Form              Tmut/Erth      2%         N/A       100%        6
 Maxwell's Capacitive Co  Air            6%         ∞         100%        8

Inventory:

Hand Weapons
 e - a +0 dagger
 p - a +3 spectral club (weapon)
 t - a +0 vampiric scythe
 x - a +3 quarterstaff of chaos
 B - a +2 mace of venom
 J - a +3 scimitar
Armour
 d - a +2 pair of boots (worn)
 o - a +0 helmet (worn)
 w - a +0 cloak (worn)
 G - +0 steam dragon scales (worn)
Jewellery
 n - a +6 ring of strength (left hand)
 A - a ring of positive energy (right hand)
 H - an amulet of faith (around neck)
Wands
 I - a wand of charming (11)
Scrolls
 c - a scroll of torment {!r}
 h - a scroll of noise {!r}
 j - 5 scrolls of vulnerability {!r}
 k - 2 scrolls of amnesia
 l - a scroll of immolation {!r}
 m - 4 scrolls of teleportation {@r4}
 q - a scroll of fog {unknown}
 y - 2 scrolls of enchant armour
 z - a scroll of acquirement {unknown}
 C - 2 scrolls of magic mapping {unknown}
 E - 3 scrolls of identify {@r1}
 K - a scroll of blinking {unknown}
Potions
 a - 2 potions of lignification {unknown}
 b - a potion of magic
 f - a potion of degeneration {unknown}
 g - 5 potions of mutation {unknown}
 i - 2 potions of haste {unknown}
 r - 2 potions of might {unknown}
 s - 2 potions of heal wounds {unknown}
 u - 7 potions of curing {unknown}
 v - 3 potions of invisibility {unknown}
 D - a potion of flight {unknown}
 F - 2 potions of brilliance {unknown}

Dungeon Overview and Level Annotations

Branches:
Dungeon (7/15)             Temple (0/1) D:5

Altars:
Dithmenos

Shops:
D:2

? ▒▒▒▒▒ ▒▒▒▒▒▒▒▒▒▒▒▒▒ ▒...
▒..........o▒▒▒▒▒▒▒.▒▒▒▒▒l▒▒
▒.▒▒▒▒▒▒▒▒..................
▒.▒....▒▒..m▒▒▒▒▒▒▒.▒▒▒▒▒.▒▒
▒.▒.▒▒.▒▒>.#...▒ ▒▒▒
▒.▒.▒▒.▒▒.▒...▒▒
▒.▒.▒▒.▒▒...▒▒▒
▒▒▒.▒.▒▒.▒▒▒▒▒▒ ▒.....▒▒.▒
▒▒.......▒ ▒.▒▒▒▒▒▒▒ ▒.▒ .≈


You could see an orc priest.


Message History

The wyvern bites you!
* * * LOW HITPOINT WARNING * * *
The wyvern bites you.
* * * LOW HITPOINT WARNING * * *
The orc priest barely misses you. The wyvern bites you!
* * * LOW HITPOINT WARNING * * *
You hit the wyvern but do no damage.
The wyvern is severely wounded.
Your +3 spectral club hits the wyvern!
The wyvern misses you. The wyvern barely misses you.
You hit the wyvern but do no damage.
The wyvern is almost dead.
Your +3 spectral club hits the wyvern!
You kill the wyvern!
Dithmenos accepts your kill.
Training target 10.0 for Unarmed Combat reached!
Your Unarmed Combat skill increases to level 10!
You need to enable at least one skill for training.
Unknown command.
You sock the orc! Your punch misses the orc.
The orc is almost dead.
Your +3 spectral club hits the orc.
You kill the orc!
Dithmenos accepts your kill.
The orc priest calls down the wrath of Beogh upon you.
Beogh smites you!
You die...

Action                   |  1- 3 |  4- 6 |  7- 9 || total
-------------------------+-------+-------+-------++-------
Melee: Unarmed           |     7 |       |       ||     7
       Dagger            |    47 |     3 |       ||    50
       Punch             |     1 |     3 |    13 ||    17
       Club              |       |    55 |   163 ||   218
       Scimitar          |       |       |    41 ||    41
 Cast: Shock             |    61 |    13 |     9 ||    83
  Use: Scroll            |       |     4 |     2 ||     6
 Stab: Sleeping          |     2 |     4 |     7 ||    13
       Distracted        |       |       |     1 ||     1
Armor: Robe              |    15 |    21 |    18 ||    54
       Steam dragon scal |       |       |    32 ||    32
Dodge: Dodged            |    45 |    37 |   226 ||   308

Levels and vault maps discovered:
D:1:      sevenhm_arrival_forest_fort_small_4, layout_loops_ring,
          shapermc_ecumenical_altar_ellora
D:2:      minmay_diamond_boxcup, layout_basic, serial_shops, shop, uniq_natasha,
          uniq_robin, uniq_sigmund, uniq_crazy_yiuf_cottage
D:3:      layout_basic, uniq_ijyb
D:4:      layout_loops_ring, minmay_tree_intersection,
          corexii_item_surrounded_by_moat, minmay_close_crescents, uniq_grinder
D:5:      layout_rooms, minmay_temple_entry_water_ring
D:6:      nicolae_BIG_FREAKIN_CUBE, layout_basic
D:7:      layout_basic, tgw_xom

Notes
Turn   | Place    | Note
-------+----------+-------------------------------------------
     0 | D:1      | sanka the Merfolk Air Elementalist began the quest for the
                  | Orb.
     0 | D:1      | Reached XP level 1. HP: 13/13 MP: 3/3
    30 | D:1      | Reached skill level 1 in Conjurations
   301 | D:1      | Reached XP level 2. HP: 19/19 MP: 3/5
   764 | D:1      | Found a faded altar of an unknown god.
   809 | D:1      | Prayed at the altar of an unknown god.
   809 | D:1      | Became a worshipper of Dithmenos the Shadowed
   809 | D:1      | Reached * piety under Dithmenos
  1091 | D:2      | Noticed Natasha
  1405 | D:2      | Found Zaclu's Magic Scroll Emporium.
  1420 | D:2      | Bought a scroll of identify for 20 gold pieces
  1420 | D:2      | Bought a scroll of teleportation for 30 gold pieces
  1442 | D:2      | Reached skill level 2 in Conjurations
  1575 | D:2      | Reached XP level 3. HP: 3/24 MP: 0/6
  2026 | D:2      | Learned a level 2 spell: Static Discharge
  2030 | D:2      | Learned a level 3 spell: Swiftness
  2062 | D:2      | Noticed Robin
  2101 | D:2      | Reached ** piety under Dithmenos
  2130 | D:2      | Killed Robin
  2131 | D:2      | Reached skill level 3 in Air Magic
  2131 | D:2      | Reached XP level 4. HP: 7/30 MP: 0/7
  2378 | D:2      | Killed Natasha
  2379 | D:2      | Reached skill level 3 in Conjurations
  2600 | D:2      | Reached skill level 3 in Dodging
  2745 | D:2      | Noticed Natasha
  2757 | D:2      | Killed Natasha
  2758 | D:2      | Reached XP level 5. HP: 33/35 MP: 8/8
  2801 | D:2      | Noticed Sigmund
  2813 | D:2      | Killed Sigmund
  2814 | D:2      | Reached skill level 6 in Dodging
  2814 | D:2      | Reached XP level 6. HP: 30/41 MP: 9/9
  3026 | D:2      | Noticed Natasha
  3035 | D:2      | Killed Natasha
  3142 | D:2      | Found a runed translucent door.
  3143 | D:2      | Noticed Crazy Yiuf
  3163 | D:2      | Killed Crazy Yiuf
  3164 | D:2      | Reached skill level 7 in Dodging
  3600 | D:3      | Noticed Ijyb
  3629 | D:3      | Killed Ijyb
  3706 | D:3      | Reached skill level 1 in Fighting
  3952 | D:3      | Reached XP level 7. HP: 38/48 MP: 10/10
  4296 | D:4      | Reached skill level 2 in Fighting
  4569 | D:4      | Noticed Grinder
  4575 | D:4      | Paralysed by Grinder for 2 turns
  4587 | D:4      | Paralysed by Grinder for 4 turns
  4592 | D:4      | Killed Grinder
  4593 | D:4      | Reached skill level 4 in Fighting
  4593 | D:4      | Reached skill level 8 in Dodging
  4593 | D:4      | Reached skill level 1 in Unarmed Combat
  4777 | D:4      | Reached skill level 2 in Unarmed Combat
  5062 | D:5      | Entered Level 5 of the Dungeon
  5087 | D:5      | Reached *** piety under Dithmenos
  5094 | D:5      | Reached skill level 3 in Unarmed Combat
  5094 | D:5      | Reached XP level 8. HP: 50/60 MP: 11/11
  5175 | D:5      | Identified +0 steam dragon scales
  5176 | D:5      | Reached skill level 4 in Unarmed Combat
  5323 | D:5      | Reached skill level 5 in Unarmed Combat
  5420 | D:5      | Found a staircase to the Ecumenical Temple.
  5808 | D:6      | Reached skill level 6 in Unarmed Combat
  5990 | D:6      | Reached skill level 7 in Unarmed Combat
  6264 | D:6      | Reached skill level 8 in Unarmed Combat
  6298 | D:6      | Reached XP level 9. HP: 63/65 MP: 12/12
  6691 | D:7      | Reached skill level 9 in Unarmed Combat
  7180 | D:7      | Reached skill level 10 in Unarmed Combat
  7183 | D:7      | Killed from afar by an orc priest

Vanquished Creatures
  Grinder (D:4)
  Sigmund (D:2)
  A wyvern (D:7)
  A steam dragon (D:5)
  3 ice beasts
  2 black bears
  3 ogres
  A scorpion (D:6)
  4 wights (D:6)
  A gnoll bouda (D:4)
  4 hounds
  2 orc priests
  Crazy Yiuf (D:2)
  2 jellies (D:6)
  Ijyb (D:3)
  Natasha (thrice) (D:2)
  4 iguanas
  Robin (D:2)
  3 gnolls (D:4)
  7 adders
  A white imp (D:6)
  4 ufetubi
  3 dart slugs
  3 worms
  17 orcs
  An endoplasm (D:2)
  A giant cockroach (D:2)
  17 goblins
  6 hobgoblins
  5 quokkas
  3 ball pythons
  2 bats
  4 frilled lizards
  7 kobolds
  5 rats
125 creatures vanquished.

Vanquished Creatures (others)
  A fungus (D:2)
1 creature vanquished.

Grand Total: 126 creatures vanquished
